 Dungeon Crawl Stone Soup version 0.28.0-53-g5a82cb258f (webtiles) character file.

Game seed: 18083383591973846201

5 hawla the Ducker (level 1, -1/7 HPs)
             Began as a Felid Fire Elementalist on June 3, 2022.
             Killed from afar by a dart slug (3 damage)
             ... with a slug dart
             ... on level 1 of the Dungeon.
             The game lasted 00:00:31 (347 turns).

hawla the Ducker (Felid Fire Elementalist)           Turns: 347, Time: 00:00:32

Health: -1/7       AC:  1    Str:  4    XL:     1   Next: 66%
Magic:  3/4        EV: 17    Int: 16    God:
Gold:   15         SH:  0    Dex: 16    Spells: 3/4 levels left
                                        Lives:  0   Deaths: 0

rFire   . . .      SeeInvis +   (weapon unavailable)
rCold   . . .      Faith    .   (shield unavailable)
rNeg    . . .      Spirit   .   (armour unavailable)
rPois   .          Reflect  .   (helmet unavailable)
rElec   .          Harm     .   (cloak unavailable)
rCorr   .          Rampage  .   (gloves unavailable)
Will    .....                   (boots unavailable)
Stlth   ++........              (no amulet)
HPRegen 0.02/turn               (no ring)
MPRegen 0.09/turn               (no ring)

@: quick
A: very small, claws 1, fangs 3, see invisible, speed 1, shaggy fur 1, stealthy
paws, no weapons or thrown items, no armour, multi-lived
a: no special abilities


You were on level 1 of the Dungeon.
You visited 1 branch of the dungeon, and saw 1 of its levels.

You collected 15 gold pieces.

Inventory:

Potions
 a - a potion of magic {unknown}


   Skills:
 + Level 2.9 Dodging
 + Level 2.6 Stealth
 + Level 2.0 Spellcasting
 + Level 1.0 Conjurations
 + Level 2.9 Fire Magic


You had 3 spell levels left.
You knew the following spells:

 Your Spells              Type           Power      Damage    Failure   Level
a - Foxfire               Conj/Fire      28%        2x1d5     10%         1

Your spell library contained the following spells:

 Spells                   Type           Power      Damage    Failure   Level
 Scorch                   Fire           20%        2d6       10%         2
 Slow                     Hex            4%         N/A       21%         1
 Conjure Flame            Conj/Fire      7%         6-21      28%         3
 Inner Flame              Hex/Fire       6%         N/A       34%         3
 Confusing Touch          Hex            1%         N/A       52%         3
 Vampiric Draining        Necr           1%         2d6       52%         3
 Flame Wave               Conj/Fire      7%         2d5       67%         4


Dungeon Overview and Level Annotations

Branches:
Dungeon (1/15)

Altars:


Innate Abilities, Weirdness & Mutations

You have sharp claws.
You have razor-sharp teeth.
You have supernaturally acute eyesight. (SInv)
You cover ground quickly. (Speed+)
You are covered in fur. (AC +1)
Your paws help you pounce on unaware monsters.
You are incapable of wielding weapons or throwing items.
You cannot wear armour.
You gain extra lives every three experience levels.


Message History

Found a stone staircase leading down.
Things that are here:
a +0 club; 2 stones
Found a stone staircase leading down.
You now have 15 gold pieces.
There is a stone staircase leading down here.
A bat comes into view.
A bat is nearby!
A bat is nearby!
Casting: Foxfire (safe; 10% risk of failure)
Confirm with . or Enter, or press ? or * to list all spells.
You conjure some foxfire!
The foxfire hits the bat.
You kill the bat!
Your foxfire dissipates!
Found a robe.
Found 17 arrows.
Found a leather armour.
You see here a +0 leather armour.
A dart slug comes into view.
A dart slug is nearby!
Found a scroll labelled SOPHITATUMP.
A hobgoblin comes into view.
You scratch the dart slug.
The dart slug is lightly wounded.
The dart slug launches a dart at you. The slug dart hits you.
Ouch! That really hurt!
* * * LOW HITPOINT WARNING * * *
You are too injured to fight recklessly!
Casting: Foxfire (safe; 10% risk of failure)
Confirm with . or Enter, or press ? or * to list all spells.
You conjure some foxfire!
The foxfire hits the dart slug but does no damage.
The dart slug is lightly wounded.
The foxfire hits the dart slug.
The dart slug is moderately wounded.
The dart slug launches a dart at you. The slug dart hits you.
You die...

[....##..#####.#####.#
...............# #.#
......########.# #.#
.......# #### ##.#
#####....## #g #..# ##
#..#...?#.#####.## .♣
##.##.......§...# ♣#
.##(....w.§#### .♣
.##.......@# ##
.........# #
.........# .........#
.........# ##########


You could see a dart slug and a hobgoblin (asleep).

Vanquished Creatures
  2 bats (D:1)
  An endoplasm (D:1)
  A goblin (D:1)
  A kobold (D:1)
5 creatures vanquished.

Vanquished Creatures (others)
  14 foxfires (D:1)
14 creatures vanquished.

Grand Total: 19 creatures vanquished

Notes
Turn   | Place    | Note
-------+----------+-------------------------------------------
     0 | D:1      | hawla the Felid Fire Elementalist began the quest for the
                  | Orb.
     0 | D:1      | Reached XP level 1. HP: 7/7 MP: 4/4
    65 | D:1      | Reached skill level 1 in Conjurations
   347 | D:1      | Killed from afar by a dart slug

Illustrated notes

Levels and vault maps discovered:
D:1:      tarquinn_simple_flora_water_d, layout_rooms,
          shapermc_ecumenical_altar_mp_ritualfount, grunt_decor_fettered

Skill      XL: |  1 |
---------------+----+-----
Conjurations   | 1 |  1.0
Dodging        | |  2.9
Stealth        | |  2.6
Spellcasting   | |  2.0
Fire Magic     | |  2.9

Action                   || total
-------------------------++-------
Melee: Unarmed           ||     1
 Cast: Foxfire           ||     8
